 Dungeon Crawl Stone Soup version 0.28-a0-1167-g616b1c6417 (webtiles) character file.

Game seed: 11310568227322475312

86 LadyOphelia the Skirmisher (level 4, -3/41 HPs)
             Began as a Minotaur Fighter on Dec 16, 2021.
             Slain by a gnoll (12 damage)
             ... on level 3 of the Dungeon.
             The game lasted 00:02:47 (2012 turns).

LadyOphelia the Skirmisher (Minotaur Fighter)       Turns: 2012, Time: 00:02:49

Health: -3/41      AC:  7    Str: 22    XL:     4   Next: 27%
Magic:  3/3        EV:  9    Int:  5    God:
Gold:   58         SH:  4    Dex: 10    Spells: 3/3 levels left

rFire   . . .      SeeInvis .   a - +0 war axe
rCold   . . .      Faith    .   c - +0 buckler
rNeg    . . .      Spirit   .   b - +0 scale mail
rPois   .          Reflect  .   (helmet restricted)
rElec   .          Harm     .   (no cloak)
rCorr   +          Rampage  .   (no gloves)
Will    .....                   (no boots)
Stlth   ..........              (no amulet)
HPRegen 0.13/turn               f - ring of resist corrosion
MPRegen 0.08/turn               (no ring)

@: mighty
A: horns 2, retaliatory headbutt
a: no special abilities


You were on level 3 of the Dungeon.
You visited 1 branch of the dungeon, and saw 3 of its levels.

You collected 58 gold pieces.

Inventory:

Hand Weapons
 a - a +0 war axe (weapon)
Armour
 b - a +0 scale mail (worn)
 c - a +0 buckler (worn)
Jewellery
 f - a ring of resist corrosion (left hand)
 h - a ring of wizardry
Scrolls
 e - a scroll of identify {unknown}
 g - 2 scrolls of noise {unknown}
 l - a scroll of silence {unknown}
Potions
 i - a potion of curing {unknown}
 j - a potion of degeneration {unknown}
 k - a potion of invisibility {unknown}


   Skills:
 + Level 4.3 Fighting
 * Level 3.8 Axes
 + Level 4.3 Armour
 + Level 4.2 Shields


You had 3 spell levels left.
You didn't know any spells.
Your spell library contained the following spells:

 Spells                   Type           Power      Damage    Failure   Level
 Corpse Rot               Necr/Air       0%         N/A       90%         2
 Dispel Undead            Necr           0%         3d6       100%        4
 Death Channel            Necr           0%         N/A       100%        6


Dungeon Overview and Level Annotations

Branches:
Dungeon (3/15)

Altars:


Innate Abilities, Weirdness & Mutations

You have a pair of horns on your head.
You reflexively headbutt those who attack you in melee.


Message History

A rat comes into view.
The gnoll hits you but does no damage. The gnoll barely misses you. x2
You hit the gnoll but do no damage. Your headbutt misses the gnoll.
You hit the gnoll. You closely miss the gnoll. The gnoll completely misses you.
You furiously retaliate!
You headbutt the gnoll. The gnoll barely misses you.
A rat comes into view.
The gnoll hits you with a +0 halberd! The gnoll closely misses you.
You barely miss the gnoll. You headbutt the gnoll!
The gnoll is severely wounded.
You hit the gnoll but do no damage. x2; The gnoll hits you but does no damage.
The gnoll barely misses you. x2
Sorry, you're not good enough to have a special ability.
Sorry, you're not good enough to have a special ability.
You hit the gnoll but do no damage.
The gnoll is severely wounded.
You slash the gnoll!
You kill the gnoll!
You hit the gnoll. The gnoll hits you with a +0 flail.
The gnoll hits you with a +0 halberd. The gnoll hits you but does no damage.
Sorry, you're not good enough to have a special ability.
You completely miss the gnoll.
The gnoll is severely wounded.
You barely miss the gnoll. You slash the gnoll!
The gnoll hits you with a +0 flail. The gnoll closely misses you.
The gnoll barely misses you. The gnoll hits you with a +0 flail!
* * * LOW HITPOINT WARNING * * *
The gnoll closely misses you.
You feel very mighty all of a sudden. The gnoll hits you with a +0 club.
* * * LOW HITPOINT WARNING * * *
You block the rat's attack. The gnoll barely misses you.
You furiously retaliate!
You headbutt the gnoll! You block the gnoll's attack.
You barely miss the gnoll.
The gnoll is severely wounded.
You hit the rat.
You kill the rat!
You slash the gnoll!
You kill the gnoll!
You barely miss the gnoll. The gnoll hits you with a +0 flail!
You die...

##.......... .......
..#.#.#.#.# .#.#.#.
#.........# .......
#.#.#.#.#.# .#.#.#.
#.......).##
........##.#.#.#.#..#
.#.#.#........ggr...###
.......###.#.#@#.#.....
#<......)).......
######...........
+...........
#...........
#..........#
##.###...... ... .....#
.... ......


You could see 2 gnolls and a rat.

Vanquished Creatures
  2 gnolls (D:3)
  2 adders (D:2)
  A worm (D:3)
  3 dart slugs (D:2)
  2 endoplasms
  A giant cockroach (D:3)
  4 goblins
  5 hobgoblins
  5 jackals (D:1)
  3 quokkas
  6 ball pythons
  7 bats
  3 frilled lizards
  5 kobolds
  2 rats
51 creatures vanquished.

Vanquished Creatures (others)
  A fungus (D:1)
  2 plants (D:1)
3 creatures vanquished.

Grand Total: 54 creatures vanquished

Notes
Turn   | Place    | Note
-------+----------+-------------------------------------------
     0 | D:1      | LadyOphelia the Minotaur Fighter began the quest for the
                  | Orb.
     0 | D:1      | Reached XP level 1. HP: 19/19 MP: 0/0
   151 | D:1      | Reached XP level 2. HP: 20/27 MP: 1/1
   273 | D:1      | Found a faded altar of an unknown god.
  1053 | D:2      | Reached XP level 3. HP: 28/33 MP: 2/2
  1674 | D:2      | Reached XP level 4. HP: 29/40 MP: 3/3
  2012 | D:3      | Slain by a gnoll

Illustrated notes

Levels and vault maps discovered:
D:1:      lightli_arrival_maybe_door_vault, layout_basic,
          dreamdust_ecumenical_altar_grove
D:2:      layout_basic
D:3:      layout_basic, serial_glass, glass_columns_a, glass_columns_b,
          glass_columns_b, glass_columns_b, glass_columns_a, glass_columns_a,
          glass_columns_c, glass_columns_c, glass_columns_c, glass_columns_a,
          glass_columns_b, glass_columns_c, glass_columns_b, glass_columns_a,
          uniq_natasha, uniq_crazy_yiuf_cottage

Skill      XL: |  1  2 |
---------------+-------+-----
Fighting       | 4 |  4.3
Axes           | 3 |  3.8
Armour         | 4 |  4.3
Shields        | 4 |  4.2

Action                   |  1- 3 |  4- 6 || total
-------------------------+-------+-------++-------
Melee: War axe           |    90 |    14 ||   104
       Headbutt          |     9 |     3 ||    12
  Use: Potion            |       |     1 ||     1
Armor: Scale mail        |    44 |     8 ||    52
Dodge: Dodged            |    64 |    11 ||    75
Block: Buckler           |    15 |     6 ||    21

Table legend: (Time is in decaauts)
 A = Elapsed time spent in this place.
 B = Non-inter-level travel time spent in this place.
 C = Inter-level travel time spent in this place.
 D = Time resting spent in this place.
 E = Time spent auto-exploring this place.
 F = Levels seen in this place.
 G = Mean time per level.
                   A        B        C        D        E       F      G
               +--------+--------+--------+--------+--------+-----+--------+
         Total |   2046 |   1971 |     75 |      0 |   1609 |   3 |  682.0 |
       Dungeon |   2046 |   1971 |     75 |      0 |   1609 |   3 |  682.0 |
               +--------+--------+--------+--------+--------+-----+--------+

Top non-repeatable levels by time:
     D:1: 1012 daAuts
     D:2: 995 daAuts
     D:3: 38 daAuts
